 Dungeon Crawl Stone Soup version 0.21-a0-507-ga8f6b7a (webtiles) character file.

102 tof the Insei (level 4, -1/36 HPs)
             Began as a Demonspawn Monk on Nov 27, 2017.
             Was a Believer of Wu Jian.
             Slain by an ice beast (9 damage)
             ... on level 3 of the Dungeon.
             The game lasted 00:03:14 (1877 turns).

tof the Insei (Demonspawn Monk)                     Turns: 1877, Time: 00:03:15

Health: -1/36      AC:  4    Str: 11    XL:     4   Next: 49%
Magic:  4/4        EV: 13    Int: 12    God:    Wu Jian [**....]
Gold:   128        SH:  3    Dex: 16    Spells: 3/3 levels left

rFire    . . .     SeeInvis .     - Unarmed
rCold    . . .     Gourm    .   (no shield)
rNeg     . . .     Faith    .   f - +0 leather armour
rPois    .         Spirit   .   (helmet restricted)
rElec    .         Reflect  +   c - +0 cloak (curse)
rCorr    .         Harm     .   (no gloves)
MR       .....                  (no boots)
Stlth    ++........             k - +3 amulet of reflection
HPRegen  0.12/turn              n - ring of flight
MPRegen  0.09/turn              (no ring)

@: no status effects
A: antennae 1, claws 1, hooves 1
a: Renounce Religion, Evoke Flight


You were on level 3 of the Dungeon.
You worshipped Wu Jian.
Wu Jian was pleased with you.
You were not hungry.

You visited 1 branch of the dungeon, and saw 3 of its levels.

You collected 128 gold pieces.

Inventory:

Armour
 c - a cursed +0 cloak (worn)
 d - a +2 helmet
 f - a +0 leather armour (worn)
Jewellery
 k - a +3 amulet of reflection (around neck)
 n - a ring of flight (left claw)
 r - an uncursed ring of see invisible {unknown}
Scrolls
 a - a scroll of teleportation {unknown}
 g - a scroll of fog {unknown}
 h - 4 scrolls of identify {unknown}
 i - 2 scrolls of immolation {unknown}
 l - a scroll of fear {unknown}
 m - a scroll of enchant weapon {unknown}
 o - a scroll of amnesia {unknown}
 q - a scroll of noise {unknown}
Potions
 e - 3 potions of agility {unknown}
 j - a potion of haste {unknown}
 s - a potion of heal wounds {unknown}
Comestibles
 b - a bread ration


   Skills:
 + Level 3.6 Fighting
 + Level 3.2 Dodging
 + Level 2.5 Stealth
 * Level 3.7 Unarmed Combat


You had 3 spell levels left.
You didn't know any spells.

Dungeon Overview and Level Annotations

Branches:
Dungeon (3/15)

Altars:
Wu Jian

Annotations:
D:3 1 transporter


Innate Abilities, Weirdness & Mutations

You have a pair of small antennae on your head.
You have sharp fingernails.
You have large cloven feet.


Message History

The leopard gecko bites you.
You repeatedly attack the leopard gecko from above.
You scratch the leopard gecko but do no damage.
The leopard gecko is severely wounded.
You closely miss the leopard gecko. You kick the leopard gecko.
You kill the leopard gecko!
The Council accepts your kill. The ice beast hits you.
The ice beast freezes you.
You see here a leopard gecko corpse.
You repeatedly attack the ice beast from above.
You claw the ice beast! You kick the ice beast.
The ice beast is moderately wounded.
You closely miss the ice beast.
The ice beast is moderately wounded.
You claw the ice beast! You kick the ice beast.
The ice beast is severely wounded.
The ice beast hits you. The ice beast freezes you! The ice beast hits you.
* * * LOW HITPOINT WARNING * * *
The ice beast freezes you!
You die...

## #.. #.#+# ###
##########.#.. ..+
...........#.# #.#
...........#.# #.#
...........#.###.#
.......§§§.'.[...#
.......§@Y.#####'#
.......§§§...##..#
.............##.########
......................>#
########.######.######.##
#.. ............
########.######.## ....
#.##.....#
####.#.##.#####


You could see an ice beast.

Vanquished Creatures
  A worker ant (D:2)
  2 adders (D:2)
  2 worms (D:2)
  3 dart slugs
  3 leopard geckos
  6 bats
  A giant cockroach (D:2)
  5 hobgoblins
  5 jackals
  7 kobolds
  A ball python (D:1)
  3 frilled lizards
  4 goblins
  4 rats
47 creatures vanquished.

Vanquished Creatures (others)
  4 toadstools (D:1)
4 creatures vanquished.

Grand Total: 51 creatures vanquished

Notes
Turn   | Place    | Note
-------+----------+-------------------------------------------
     0 | D:1      | tof the Demonspawn Monk began the quest for the Orb.
     0 | D:1      | Reached XP level 1. HP: 18/18 MP: 1/1
   223 | D:1      | Gained mutation: You have large cloven feet. [demonic ancestry]
   223 | D:1      | Reached XP level 2. HP: 20/24 MP: 2/2
   676 | D:2      | Gained mutation: You have a pair of small antennae on your head. [demonic ancestry]
   676 | D:2      | Reached XP level 3. HP: 29/29 MP: 3/3
  1277 | D:2      | Gained mutation: You have sharp fingernails. [demonic ancestry]
  1277 | D:2      | Reached XP level 4. HP: 35/35 MP: 4/4
  1682 | D:2      | Found an ornate altar of the Wu Jian Council.
  1686 | D:2      | Became a worshipper of the Wu Jian Council
  1686 | D:2      | Reached * piety under Wu Jian
  1686 | D:2      | Reached ** piety under Wu Jian
  1827 | D:3      | Found a transporter.
  1868 | D:3      | Noticed an ice beast
  1877 | D:3      | Slain by an ice beast

Vault maps used:
D:1:      ldierk_walled_garden_2
D:2:      marbit_many_paths, minmay_split_cup_large
D:3:      gammafunk_wand_slinger, minmay_misc_feat_encased,
          grunt_dithmenos_smoke_and_mirrors

Skill      XL: |  1  2  3 |
---------------+----------+-----
Stealth        | 2 |  2.5
Unarmed Combat | 3 |  3.7
Dodging        | 3 |  3.2
Fighting       | |  3.6

Action                   |  1- 3 |  4- 6 || total
-------------------------+-------+-------++-------
Melee: Unarmed           |   121 |    27 ||   148
       Kick              |    32 |     5 ||    37
       Punch             |     1 |     1 ||     2
 Stab: Sleeping          |     4 |       ||     4
       Distracted        |       |     1 ||     1
  Eat: Chunk             |     1 |     2 ||     3
Armor: Leather armour    |    37 |     7 ||    44
Dodge: Dodged            |    84 |    13 ||    97
Block: Other             |     9 |     4 ||    13
       Reflection        |       |     2 ||     2

Table legend:
 A = Spawn XP
 B = Non-spawn XP
 C = Spawn XP percentage of total XP
 D = Spawn monster count
 E = Non-spawn monster count
 F = Spawn count percentage of total count
 G = Total turns spent on level
                    A         B        C        D         E        F      G
               +---------+---------+-------+---------+---------+-------+---------
         Total |       0 |     146 |   0.0 |       0 |      47 |   0.0 |  1877
               +---------+---------+-------+---------+---------+-------+---------
           D:1 |       0 |      39 |   0.0 |       0 |      23 |   0.0 |   653
           D:2 |       0 |     104 |   0.0 |       0 |      23 |   0.0 |  1156
           D:3 |       0 |       3 |   0.0 |       0 |       1 |   0.0 |    68
               +---------+---------+-------+---------+---------+-------+---------
